 Dungeon Crawl Stone Soup version 0.29.1-4-g47bece8355 (webtiles) character file.

Game seed: 15756712004990027745

56 zeram the Shield-Bearer (level 3, 0/35 HPs)
             Began as a Gnoll Fighter on Dec 11, 2022.
             Slain by Terence
             ... wielding a +0 flail
              (2 damage)
             ... on level 2 of the Dungeon.
             The game lasted 00:01:57 (1587 turns).

zeram the Shield-Bearer (Gnoll Fighter)             Turns: 1587, Time: 00:01:57

Health: 0/35       AC:  7    Str: 15    XL:     3   Next: 95%
Magic:  4/4        EV:  9    Int:  9    God:
Gold:   51         SH:  5    Dex: 11    Spells: 4/4 levels left

rFire   . . .      SeeInvis .   a - +0 war axe
rCold   . . .      Faith    .   c - +0 buckler
rNeg    . . .      Spirit   .   b - +0 scale mail
rPois   .          Reflect  .   (no helmet)
rElec   .          Harm     .   (no cloak)
rCorr   .          Rampage  .   (no gloves)
Will    .....                   (no boots)
Stlth   ..........              (no amulet)
HPRegen 0.11/turn               (no ring)
MPRegen 0.09/turn               (no ring)

@: mighty
A: fangs 1, strong nose, distributed training
a: no special abilities


You were on level 2 of the Dungeon.
You visited 1 branch of the dungeon, and saw 3 of its levels.

You collected 51 gold pieces.

Inventory:

Hand Weapons
 a - a +0 war axe (weapon)
Armour
 b - a +0 scale mail (worn)
 c - a +0 buckler (worn)
Jewellery
 h - a ring of ice
Scrolls
 g - a scroll of identify
 i - a scroll of blinking {unknown}
Potions
 e - a potion of attraction {unknown}
 f - 2 potions of brilliance {unknown}
 j - 2 potions of curing {unknown}


   Skills:
 + Level 6.5 Fighting
 + Level 1.0 Short Blades
 + Level 1.0 Long Blades
 + Level 4.6 Axes
 + Level 1.0 Maces & Flails
 + Level 1.0 Polearms
 + Level 1.0 Staves
 + Level 1.0 Ranged Weapons
 + Level 1.0 Throwing
 + Level 6.5 Armour
 + Level 1.0 Dodging
 + Level 1.0 Stealth
 + Level 6.5 Shields
 + Level 1.0 Unarmed Combat
 + Level 1.0 Spellcasting
 + Level 0.7 Conjurations
 + Level 0.7 Hexes
 + Level 0.7 Summonings
 + Level 0.7 Necromancy
 + Level 0.7 Translocations
 + Level 0.7 Transmutations
 + Level 0.7 Fire Magic
 + Level 0.7 Ice Magic
 + Level 0.7 Air Magic
 + Level 0.7 Earth Magic
 + Level 0.7 Poison Magic
 + Level 1.1 Invocations
 + Level 1.0 Evocations


You had 4 spell levels left.
You didn't know any spells.
Your spell library was empty.

Dungeon Overview and Level Annotations

Branches:
Dungeon (3/15)

Altars:

Annotations:
D:2 Terence


Innate Abilities, Weirdness & Mutations

You have very sharp teeth.
Your uncanny sense of smell can sniff out nearby items.
Your experience applies equally to all skills.


Message History

There are monsters nearby!
There are monsters nearby!
There are monsters nearby!
There are monsters nearby!
There are monsters nearby!
There are monsters nearby!
Unknown command.
You block Terence's attack.
You climb upwards.
There is a stone staircase leading down here.
You hit Terence. You bite Terence, but do no damage.
Terence is lightly wounded.
Terence drinks a potion.
Terence seems to speed up.
You closely miss Terence. Your bite misses Terence.
Terence is lightly wounded.
You block Terence's attack. Terence hits you with a +0 flail!
You barely miss Terence.
Terence is lightly wounded.
Terence hits you with a +0 flail! Terence screams, "I want your blood!"
Terence hits you but does no damage.
You closely miss Terence. Your bite misses Terence.
Terence is lightly wounded.
Terence barely misses you. You block Terence's attack.
You hit Terence.
Terence is lightly wounded.
Terence hits you but does no damage. You block Terence's attack.
You barely miss Terence. Your bite misses Terence.
Terence is lightly wounded.
Terence hits you with a +0 flail!
* * * LOW HITPOINT WARNING * * *
Terence hits you but does no damage.
You are too injured to fight recklessly!
You closely miss Terence.
Terence is lightly wounded.
Terence barely misses you. Terence hits you with a +0 flail!
* * * LOW HITPOINT WARNING * * *
You feel very mighty all of a sudden. Terence hits you with a +0 flail.
You die...

### #.# #####.# >.....#
############ .####.#
#..........# .# #.#
#.@@.....#.# .#
#.###############.#.# .#
#..#...........#..#.#
.#####.#.###.......#..#.#
......................#.#
...................#.##.#######
...................#..........#
.......<..#.#....#.#.##.#####.#
.....#...........#.#........#.#


You could see Terence (fast).

Vanquished Creatures
  An adder (D:2)
  A dart slug (D:1)
  2 bats (D:1)
  2 endoplasms
  3 giant cockroaches
  4 goblins
  6 hobgoblins
  4 jackals (D:2)
  6 kobolds
  A quokka (D:1)
  2 ball pythons
  2 frilled lizards
  6 rats
40 creatures vanquished.

Notes
Turn   | Place    | Note
-------+----------+-------------------------------------------
     0 | D:1      | zeram the Gnoll Fighter began the quest for the Orb.
     0 | D:1      | Reached XP level 1. HP: 23/23 MP: 1/1
    58 | D:1      | Reached XP level 2. HP: 26/29 MP: 2/2
   689 | D:2      | Reached XP level 3. HP: 34/35 MP: 3/3
   774 | D:2      | Reached skill level 1 in Invocations
  1010 | D:2      | Reached skill level 1 in Short Blades
  1010 | D:2      | Reached skill level 1 in Long Blades
  1010 | D:2      | Reached skill level 1 in Maces & Flails
  1010 | D:2      | Reached skill level 1 in Polearms
  1010 | D:2      | Reached skill level 1 in Staves
  1010 | D:2      | Reached skill level 1 in Ranged Weapons
  1010 | D:2      | Reached skill level 1 in Throwing
  1010 | D:2      | Reached skill level 1 in Dodging
  1010 | D:2      | Reached skill level 1 in Stealth
  1010 | D:2      | Reached skill level 1 in Unarmed Combat
  1010 | D:2      | Reached skill level 1 in Spellcasting
  1010 | D:2      | Reached skill level 1 in Evocations
  1577 | D:3      | Noticed Terence
  1587 | D:2      | Slain by Terence

Illustrated notes

Levels and vault maps discovered:
D:1:      tarquinn_simple_flora_water_d, layout_basic, hangedman_feature_mirror
D:2:      layout_basic, minmay_between
D:3:      layout_basic, hellmonk_ecumenical_altar_watching_god,
          grunt_ministairs_10, uniq_terence

Skill      XL: |  1  2  3 |
---------------+----------+-----
Invocations    | 1 |  1.1
Short Blades   | 1 |  1.0
Long Blades    | 1 |  1.0
Maces & Flails | 1 |  1.0
Polearms       | 1 |  1.0
Staves         | 1 |  1.0
Ranged Weapons | 1 |  1.0
Throwing       | 1 |  1.0
Dodging        | 1 |  1.0
Stealth        | 1 |  1.0
Unarmed Combat | 1 |  1.0
Spellcasting   | 1 |  1.0
Evocations     | 1 |  1.0
Fighting       | |  6.5
Axes           | |  4.6
Armour         | |  6.5
Shields        | |  6.5
Conjurations   | |  0.7
Hexes          | |  0.7
Summonings     | |  0.7
Necromancy     | |  0.7
Translocations | |  0.7
Transmutations | |  0.7
Fire Magic     | |  0.7
Ice Magic      | |  0.7
Air Magic      | |  0.7
Earth Magic    | |  0.7
Poison Magic   | |  0.7

Action                   || total
-------------------------++-------
Melee: War axe           ||   118
       Bite              ||    13
  Use: Scroll            ||     2
       Potion            ||     1
Armor: Scale mail        ||    59
Dodge: Dodged            ||    57
Block: Buckler           ||    35
